 Dungeon Crawl Stone Soup version 0.17-a0-1910-g4c791fa (webtiles) character file.

466 Aarh the Sneak (level 7, -4/41 HPs)
             Began as a Kobold Assassin on Sept 25, 2015.
             Was a Follower of Nemelex Xobeh.
             Splashed by a jelly's acid (10 damage)
             ... on level 6 of the Dungeon.
             The game lasted 01:06:55 (5292 turns).

Aarh the Sneak (Kobold Assassin)                    Turns: 5292, Time: 01:06:55

Health: -4/41      AC:  5    Str: 16    XL:     7   Next: 30%
Magic:  9/9        EV: 16    Int:  9    God:    Nemelex Xobeh [*.....]
Gold:   272        SH:  0    Dex: 18    Spells: 0 memorised, 8 levels left

rFire  . . .     SeeInvis +     w - +1 war axe
rCold  + . .     Clarity  .     l - +0 leather armour
rNeg   . . .     SustAt   .     (shield restricted)
rPois  .         Gourm    .     (no helmet)
rElec  .         Spirit   .     d - +1 cloak
rCorr  .         Warding  .     (no gloves)
rMut   .         Stasis   .     (no boots)
MR     .....                    (no amulet)
Stlth  ++++......               D - ring of protection from cold
                                u - ring of see invisible

@: mighty, very slightly contaminated, not resistant to hostile enchantments,
stealthy
A: carnivore 3
a: Renounce Religion


You were on level 6 of the Dungeon.
You worshipped Nemelex Xobeh.
Nemelex Xobeh was aware of your devotion.
You were very full.

You visited 2 branches of the dungeon, and saw 8 of its levels.

You collected 272 gold pieces.

Inventory:

Hand weapons
 a - a +2 dagger
 b - a +0 blowgun
 w - a +1 war axe (weapon)
   (You found it on level 7 of the Dungeon)
 y - a +0 hand axe of freezing
   (You took it off an orc on level 3 of the Dungeon)
 C - a +0 falchion
   (You took it off an orc on level 4 of the Dungeon)
Missiles
 e - 4 poisoned needles
 f - 2 curare-tipped needles
 h - 122 stones (quivered)
 p - 14 sling bullets
 q - 16 bolts
Armour
 d - a +1 cloak (worn)
 l - a +0 leather armour (worn)
   (You found it on level 1 of the Dungeon)
Jewellery
 m - an uncursed ring of teleportation
   (You found it on level 2 of the Dungeon)
 u - a ring of see invisible (left hand)
   (You found it on level 2 of the Dungeon)
 D - a ring of protection from cold (right hand)
   (You found it on level 4 of the Dungeon)
Scrolls
 j - 2 scrolls of enchant armour
 k - a scroll of identify
 o - 2 scrolls of magic mapping
 t - 2 scrolls of amnesia {unknown}
 x - a scroll of fear {unknown}
 A - a scroll of enchant weapon
 B - a scroll of blinking {unknown}
 E - a scroll of immolation {unknown}
Potions
 i - a potion of degeneration {unknown}
 n - a potion of might
 r - 4 potions of agility
 s - a potion of haste
 v - a potion of flight {unknown}
 z - a potion of curing
Comestibles
 c - 2 slices of pizza
 g - 6 meat rations


   Skills:
 * Level 3.6 Fighting
 * Level 4.0 Short Blades
 + Level 0.1(1.4) Long Blades
 * Level 1.5 Axes
 + Level 4.3 Throwing
 + Level 1.6 Armour
 + Level 3.4 Dodging
 * Level 6.7 Stealth
 * Level 1.3 Spellcasting
 * Level 0.5 Evocations


You had 8 spell levels left.
You didn't know any spells.

Dungeon Overview and Level Annotations

Branches:
Dungeon (7/15)             Temple (1/1) D:4

Altars:
Ashenzari
Cheibriados
Dithmenos
Elyvilon
Fedhas
Gozag
Kikubaaqudgha
Makhleb
Nemelex Xobeh
Okawaru
Qazlal
Ru
Trog
Vehumet
Xom
Yredelemnul
Zin
The Shining One

Shops:
D:4 %

Annotations:
D:3 exclusion: 2 downstairs, Grinder
D:4 exclusion: downstairs, Goresteps's ghost, average SpEE
D:5 Eustachio
D:6 exclusions: downstairs and upstairs


Innate Abilities, Weirdness & Mutations

You are small and have problems with some larger weapons.
You are carnivorous and can eat meat at any time.


Message History

The jackal misses you.
You miss the jackal.
You feel yourself slow down. The jackal misses you. x2
A jackal comes into view.
You closely miss the jackal.
You feel yourself speed up. The jackal closely misses you.
The jackal bites you but does no damage.
You hear a distant slurping noise.
The jackal closely misses you. x2
A jackal comes into view.
Drink which item? (? for menu, Esc to quit)
You feel very mighty all of a sudden. The jackal closely misses you.
The jackal bites you.
* * * LOW HITPOINT WARNING * * *
The jackal barely misses you. x2
You barely miss the jackal.
The jelly quivers. x2
You slash the jackal!
You kill the jackal!
You closely miss the jackal.
The jackal bites you but does no damage.
The jackal closely misses you. x3
You closely miss the jackal. You barely miss the jelly.
You closely miss the jackal. The jackal closely misses you.
The jackal misses you. The jelly hits you but does no damage.
The jackal barely misses you.
The jackal bites you but does no damage.
A jackal comes into view.
The jackal barks!
You slash the jackal!
You kill the jackal!
You slash the jackal!
You kill the jackal!
You slash the jelly!
Your hands burn!
* * * LOW HITPOINT WARNING * * *
The jelly is moderately wounded.
The jelly hits you but does no damage. The jackal barely misses you.
The jelly misses you.
Read which item? (? for menu, Esc to quit)
As you read the scroll labeled TIREUF VOGIU, it crumbles to dust.
It is a scroll of enchant weapon.
Enchant which weapon? (? for menu, Esc to quit)
Your +0 war axe glows red for a moment.
The jackal barely misses you. The jelly hits you.
* * * LOW HITPOINT WARNING * * *
You are splashed with acid!
The acid burns!
You die...
Your body glows slightly and disappears.

..##....#.........#......#...#...
........#....#....'..........+...
..####'##....#..###......##'##'##
..# ........#..#####...........#
..#..........#...#..#...........#
..#......[...#..h...#...........#
....?............#..............+
###o........<#.###..#...........#
....###.##.....J@# .#....##.#....
....+....#.....hJ# .....# ......
....#...............#..... #....
......#'##.......##.#....##+#....
######....#.##...................
.# #.......#.......J.......#+##
.# #J...#............l.....+...
.# #....#..#...............#...
### #.......#............<..#...


You could see 2 jellies and a jackal.

Vanquished Creatures
  Monster Symbol All '5'
  A crimson imp (D:5)
1 creature vanquished. All 'J' An ooze (D:2)
1 creature vanquished. All 'K' 8 kobolds (D:1 D:2 D:3 D:5)
8 creatures vanquished. All 'S' 3 adders (D:2 D:6) 2 ball pythons (D:2 D:3)
5 creatures vanquished. All 'Z' A centaur skeleton (D:5) A giant frog skeleton (D:4) 2 hound skeletons (D:4) A worker ant zombie (D:5)
5 creatures vanquished. All 'a' A worker ant (D:5)
1 creature vanquished. All 'b' 4 bats (D:1 D:2 D:3)
4 creatures vanquished. All 'c' A centaur (D:5)
1 creature vanquished. All 'g' 7 goblins (D:1 D:2 D:3) 11 hobgoblins (D:1 D:2 D:3)
18 creatures vanquished. All 'h' 2 hounds (D:4 D:6) 10 jackals (D:2 D:4 D:6)
12 creatures vanquished. All 'l' 2 iguanas (D:5) A giant gecko (D:4) 6 giant newts (D:1 D:2 D:3 D:7)
9 creatures vanquished. All 'o' An orc priest (D:5) 2 orc wizards (D:6 D:5) 8 orcs (D:3 D:4 D:7 D:5)
11 creatures vanquished. All 'r' A quokka (D:7) 4 rats (D:1 D:2 D:3)
5 creatures vanquished. All 's' 2 giant cockroaches (D:3 D:4)
2 creatures vanquished. All 'y' A killer bee (D:5)
1 creature vanquished.
84 creatures vanquished. Monster Nature Natural Monsters A centaur (D:5) A killer bee (D:5) 2 iguanas (D:5) An orc priest (D:5) 2 orc wizards (D:6 D:5) 2 hounds (D:4 D:6) A worker ant (D:5) 3 adders (D:2 D:6) An ooze (D:2) A giant gecko (D:4) 8 orcs (D:3 D:4 D:7 D:5) 2 ball pythons (D:2 D:3) 4 bats (D:1 D:2 D:3) 2 giant cockroaches (D:3 D:4) 7 goblins (D:1 D:2 D:3) 11 hobgoblins (D:1 D:2 D:3) 10 jackals (D:2 D:4 D:6) 8 kobolds (D:1 D:2 D:3 D:5) A quokka (D:7) 6 giant newts (D:1 D:2 D:3 D:7) 4 rats (D:1 D:2 D:3)
78 creatures vanquished. Undead Monsters A centaur skeleton (D:5) A giant frog skeleton (D:4) 2 hound skeletons (D:4) A worker ant zombie (D:5)
5 creatures vanquished. Demonic Monsters A crimson imp (D:5)
1 creature vanquished.
84 creatures vanquished. Ascending Order A centaur (D:5) A killer bee (D:5) A crimson imp (D:5) An orc priest (D:5) A centaur skeleton (D:5) A giant frog skeleton (D:4) A worker ant (D:5) A worker ant zombie (D:5) An ooze (D:2) A giant gecko (D:4) A quokka (D:7) 2 iguanas (D:5) 2 orc wizards (D:6 D:5) 2 hounds (D:4 D:6) 2 hound skeletons (D:4) 2 giant cockroaches (D:3 D:4) 2 ball pythons (D:2 D:3) 3 adders (D:2 D:6) 4 bats (D:1 D:2 D:3) 4 rats (D:1 D:2 D:3) 6 giant newts (D:1 D:2 D:3 D:7) 7 goblins (D:1 D:2 D:3) 8 orcs (D:3 D:4 D:7 D:5) 8 kobolds (D:1 D:2 D:3 D:5) 10 jackals (D:2 D:4 D:6) 11 hobgoblins (D:1 D:2 D:3)
84 creatures vanquished.

Notes
Turn   | Place    | Note
--------------------------------------------------------------
     0 | D:1      | Aarh the Kobold Assassin began the quest for the Orb.
     0 | D:1      | Reached XP level 1. HP: 12/12 MP: 1/1
   144 | D:1      | Found a snail-covered altar of Cheibriados.
   201 | D:1      | Reached XP level 2. HP: 18/18 MP: 2/2
   585 | D:1      | Reached skill level 3 in Throwing
   814 | D:2      | Reached skill level 2 in Dodging
   814 | D:2      | Reached XP level 3. HP: 22/22 MP: 3/3
  1139 | D:2      | Found a glowing golden altar of the Shining One.
  1259 | D:2      | Reached XP level 4. HP: 27/27 MP: 4/4
  1795 | D:3      | Noticed Grinder
  2349 | D:5      | Entered Level 5 of the Dungeon
  2349 | D:5      | Found a basalt altar of Yredelemnul.
  2385 | D:4      | Reached skill level 3 in Fighting
  2403 | D:4      | Reached skill level 6 in Stealth
  2403 | D:4      | Reached XP level 5. HP: 19/32 MP: 5/5
  2592 | D:4      | Reached skill level 3 in Short Blades
  2836 | D:4      | Reached skill level 1 in Armour
  2930 | D:5      | Noticed an ogre
  2956 | D:5      | Noticed Eustachio
  3054 | D:6      | Noticed a centaur
  3202 | D:6      | Reached skill level 4 in Throwing
  3202 | D:6      | Reached XP level 6. HP: 35/37 MP: 5/7
  3356 | D:6      | Found a sacrificial altar of Ru.
  3357 | D:6      | Found a shadowy altar of Dithmenos.
  3359 | D:6      | Found a shimmering altar of Xom.
  3362 | D:6      | Found a blossoming altar of Fedhas.
  3363 | D:6      | Found a sparkling altar of Nemelex Xobeh.
  3365 | D:6      | Found a white marble altar of Elyvilon.
  3367 | D:6      | Found an iron altar of Okawaru.
  3377 | D:6      | Became a worshipper of Nemelex Xobeh the Trickster
  3423 | D:6      | Noticed an ogre
  3460 | D:6      | Received a gift from Nemelex Xobeh
  3635 | D:7      | Noticed an orc warrior
  3785 | D:5      | Reached skill level 1 in Spellcasting
  3787 | D:5      | Reached skill level 1 in Axes
  3789 | D:5      | Noticed a centaur
  3792 | D:5      | HP: 4/37 [something (8)]
  3793 | D:5      | HP: 1/37 [something (8)]
  3794 | D:5      | Killed a centaur
  3794 | D:5      | Reached skill level 3 in Dodging
  3817 | D:5      | Reached XP level 7. HP: 15/41 MP: 8/8
  4118 | D:4      | Got an ancient ring mail
  4129 | D:4      | Identified the cursed +0 ring mail "Ibisicegg" {*Corrode *Confuse +Fly Int+2} (You found it on level 4 of the Dungeon)
  4305 | D:4      | Found Regapev's Food Emporium.
  4495 | D:4      | Found a staircase to the Ecumenical Temple.
  4504 | Temple   | Entered the Ecumenical Temple
  4733 | D:4      | Noticed Goresteps's ghost (average SpEE)
  5231 | D:5      | Reached skill level 4 in Short Blades
  5257 | D:5      | HP: 10/41 [orc wizard/magic dart (9)]
  5273 | D:5      | HP: 7/41 [orc wizard/magic dart (5)]
  5288 | D:6      | HP: 8/41 [jackal (1)]
  5292 | D:6      | Splashed by a jelly's acid

Vault maps used:
D:1:      zaba_arrival_water, st_stairs_10, cheibriados_altar_1
D:2:      tso_metal_star, first_bread
D:3:      uniq_grinder
D:4:      minmay_temple_entry_nine_rooms, serial_shops, shop
D:5:      wad_pebble_path, yredelemnul_altar_generic, uniq_eustachio
D:6:      minitemple, minmay_misc_feat_diagonals, grunt_decor_clamped,
          uniq_sigmund
D:7:      nemelex_lonely_heart_becter
Temple:   roderic_octagonal_lattice_temple

Action                   |  1- 3 |  4- 6 |  7- 9 || total
-------------------------+-------+-------+-------++-------
Melee: Dagger            |    49 |    94 |    14 ||   157
       Falchion          |       |     6 |       ||     6
       War axe           |       |       |    32 ||    32
 Fire: Blowgun           |    25 |    28 |     1 ||    54
Throw: Stone             |       |     7 |       ||     7
Evoke: Deck              |       |     7 |       ||     7
  Use: Scroll            |     3 |     3 |     5 ||    11
       Potion            |       |     2 |     2 ||     4
 Stab: Sleeping          |    12 |    12 |     1 ||    25
  Eat: Chunk             |     9 |     8 |     4 ||    21
Dungeon Crawl Stone Soup version 0.17-a0-1910-g4c791fa (webtiles) character file. 466 Aarh the Sneak (level 7, -4/41 HPs) Began as a Kobold Assassin on Sept 25, 2015. Was a Follower of Nemelex Xobeh. Splashed by a jelly's acid (10 damage) ... on level 6 of the Dungeon. The game lasted 01:06:55 (5292 turns). Dungeon Overview and Level Annotations Branches: Dungeon (7/15) Temple (1/1) D:4 Altars: Ashenzari Cheibriados Dithmenos Elyvilon Fedhas Gozag Kikubaaqudgha Makhleb Nemelex Xobeh Okawaru Qazlal Ru Trog Vehumet Xom Yredelemnul Zin The Shining One Shops: D:4 % Annotations: D:3 exclusion: 2 downstairs, Grinder D:4 exclusion: downstairs, Goresteps's ghost, average SpEE D:5 Eustachio D:6 exclusions: downstairs and upstairs Aarh the Sneak (Kobold Assassin) Turns: 5292, Time: 01:06:55 Health: -4/41 AC: 5 Str: 16 XL: 7 Next: 30% Magic: 9/9 EV: 16 Int: 9 God: Nemelex Xobeh [*.....] Gold: 272 SH: 0 Dex: 18 Spells: 0 memorised, 8 levels left rFire . . . SeeInvis + w - +1 war axe rCold + . . Clarity . l - +0 leather armour rNeg . . . SustAt . (shield restricted) rPois . Gourm . (no helmet) rElec . Spirit . d - +1 cloak rCorr . Warding . (no gloves) rMut . Stasis . (no boots) MR ..... (no amulet) Stlth ++++...... D - ring of protection from cold u - ring of see invisible @: mighty, very slightly contaminated, not resistant to hostile enchantments, stealthy A: carnivore 3 a: Renounce Religion Innate Abilities, Weirdness & Mutations You are small and have problems with some larger weapons. You are carnivorous and can eat meat at any time. Skills: * Level 3.6 Fighting * Level 4.0 Short Blades + Level 0.1(1.4) Long Blades * Level 1.5 Axes + Level 4.3 Throwing + Level 1.6 Armour + Level 3.4 Dodging * Level 6.7 Stealth * Level 1.3 Spellcasting * Level 0.5 Evocations You had 8 spell levels left. You didn't know any spells. You were on level 6 of the Dungeon. You worshipped Nemelex Xobeh. Nemelex Xobeh was aware of your devotion. You were very full. You visited 2 branches of the dungeon, and saw 8 of its levels. You collected 272 gold pieces. You could see 2 jellies and a jackal. Message History The jackal misses you. You miss the jackal. You feel yourself slow down. The jackal misses you. x2 A jackal comes into view. You closely miss the jackal. You feel yourself speed up. The jackal closely misses you. The jackal bites you but does no damage. You hear a distant slurping noise. The jackal closely misses you. x2 A jackal comes into view. Drink which item? (? for menu, Esc to quit) You feel very mighty all of a sudden. The jackal closely misses you. The jackal bites you. * * * LOW HITPOINT WARNING * * * The jackal barely misses you. x2 You barely miss the jackal. The jelly quivers. x2 You slash the jackal! You kill the jackal! You closely miss the jackal. The jackal bites you but does no damage. The jackal closely misses you. x3 You closely miss the jackal. You barely miss the jelly. You closely miss the jackal. The jackal closely misses you. The jackal misses you. The jelly hits you but does no damage. The jackal barely misses you. The jackal bites you but does no damage. A jackal comes into view. The jackal barks! You slash the jackal! You kill the jackal! You slash the jackal! You kill the jackal! You slash the jelly! Your hands burn! * * * LOW HITPOINT WARNING * * * The jelly is moderately wounded. The jelly hits you but does no damage. The jackal barely misses you. The jelly misses you. Read which item? (? for menu, Esc to quit) As you read the scroll labeled TIREUF VOGIU, it crumbles to dust. It is a scroll of enchant weapon. Enchant which weapon? (? for menu, Esc to quit) Your +0 war axe glows red for a moment. The jackal barely misses you. The jelly hits you. * * * LOW HITPOINT WARNING * * * You are splashed with acid! The acid burns! You die... Your body glows slightly and disappears.

Action                   |  1- 3 |  4- 6 |  7- 9 || total
-------------------------+-------+-------+-------++-------
Melee: Dagger            |    49 |    94 |    14 ||   157
       Falchion          |       |     6 |       ||     6
       War axe           |       |       |    32 ||    32
 Fire: Blowgun           |    25 |    28 |     1 ||    54
Throw: Stone             |       |     7 |       ||     7
Evoke: Deck              |       |     7 |       ||     7
  Use: Scroll            |     3 |     3 |     5 ||    11
       Potion            |       |     2 |     2 ||     4
 Stab: Sleeping          |    12 |    12 |     1 ||    25
  Eat: Chunk             |     9 |     8 |     4 ||    21
Notes Turn | Place | Note -------------------------------------------------------------- 0 | D:1 | Aarh the Kobold Assassin began the quest for the Orb. 0 | D:1 | Reached XP level 1. HP: 12/12 MP: 1/1 144 | D:1 | Found a snail-covered altar of Cheibriados. 201 | D:1 | Reached XP level 2. HP: 18/18 MP: 2/2 585 | D:1 | Reached skill level 3 in Throwing 814 | D:2 | Reached skill level 2 in Dodging 814 | D:2 | Reached XP level 3. HP: 22/22 MP: 3/3 1139 | D:2 | Found a glowing golden altar of the Shining One. 1259 | D:2 | Reached XP level 4. HP: 27/27 MP: 4/4 1795 | D:3 | Noticed Grinder 2349 | D:5 | Entered Level 5 of the Dungeon 2349 | D:5 | Found a basalt altar of Yredelemnul. 2385 | D:4 | Reached skill level 3 in Fighting 2403 | D:4 | Reached skill level 6 in Stealth 2403 | D:4 | Reached XP level 5. HP: 19/32 MP: 5/5 2592 | D:4 | Reached skill level 3 in Short Blades 2836 | D:4 | Reached skill level 1 in Armour 2930 | D:5 | Noticed an ogre 2956 | D:5 | Noticed Eustachio 3054 | D:6 | Noticed a centaur 3202 | D:6 | Reached skill level 4 in Throwing 3202 | D:6 | Reached XP level 6. HP: 35/37 MP: 5/7 3356 | D:6 | Found a sacrificial altar of Ru. 3357 | D:6 | Found a shadowy altar of Dithmenos. 3359 | D:6 | Found a shimmering altar of Xom. 3362 | D:6 | Found a blossoming altar of Fedhas. 3363 | D:6 | Found a sparkling altar of Nemelex Xobeh. 3365 | D:6 | Found a white marble altar of Elyvilon. 3367 | D:6 | Found an iron altar of Okawaru. 3377 | D:6 | Became a worshipper of Nemelex Xobeh the Trickster 3423 | D:6 | Noticed an ogre 3460 | D:6 | Received a gift from Nemelex Xobeh 3635 | D:7 | Noticed an orc warrior 3785 | D:5 | Reached skill level 1 in Spellcasting 3787 | D:5 | Reached skill level 1 in Axes 3789 | D:5 | Noticed a centaur 3792 | D:5 | HP: 4/37 [something (8)] 3793 | D:5 | HP: 1/37 [something (8)] 3794 | D:5 | Killed a centaur 3794 | D:5 | Reached skill level 3 in Dodging 3817 | D:5 | Reached XP level 7. HP: 15/41 MP: 8/8 4118 | D:4 | Got an ancient ring mail 4129 | D:4 | Identified the cursed +0 ring mail "Ibisicegg" {*Corrode *Confuse +Fly Int+2} (You found it on level 4 of the Dungeon) 4305 | D:4 | Found Regapev's Food Emporium. 4495 | D:4 | Found a staircase to the Ecumenical Temple. 4504 | Temple | Entered the Ecumenical Temple 4733 | D:4 | Noticed Goresteps's ghost (average SpEE) 5231 | D:5 | Reached skill level 4 in Short Blades 5257 | D:5 | HP: 10/41 [orc wizard/magic dart (9)] 5273 | D:5 | HP: 7/41 [orc wizard/magic dart (5)] 5288 | D:6 | HP: 8/41 [jackal (1)] 5292 | D:6 | Splashed by a jelly's acid

Table legend:
 A = Turns spent in this place as a percentage of turns spent in the entire game.
 B = Non-inter-level travel turns spent in this place as a percentage of non-inter-level travel turns spent in the entire game.
 C = Inter-level travel turns spent in this place as a percentage of turns spent in this place.
 D = Turns resting spent in this place as a percentage of non-inter-level travel turns spent in this place.
 E = Turns spent auto-exploring this place as a percentage of non-inter-level travel turns spent in this place.
 F = Non-inter-level travel turns spent in this place divided by the number of levels of this place that you've seen.
                   A       B       C       D       E      F
               +-------+-------+-------+-------+-------+----------------------
         Total | 100.0 | 100.0 |   0.0 |   0.8 |   2.2 | 393.2
       Dungeon |  99.4 |  99.4 |   0.0 |   0.8 |   1.9 | 446.7
        Temple |   0.6 |   0.6 |   0.0 |   0.0 |  57.9 |  19.0
               +-------+-------+-------+-------+-------+----------------------

Table legend:
 A = Kills in this place as a percentage of kills in entire the game.
 B = Kills by you in this place as a percentage of kills by you in the entire game.
 C = Kills by friends in this place as a percentage of kills by friends in the entire game.
 D = Other kills in this place as a percentage of other kills in the entire game.
 E = Experience gained in this place as a percentage of experience gained in the entire game.
 F = Experience gained in this place divided by the number of levels of this place that you have seen.
                   A       B       C       D       E      F
               +-------+-------+-------+-------+-------+----------------------
         Total | 100.0 | 100.0 | 100.0 |  -nan | 100.0 |  83.2
       Dungeon | 100.0 | 100.0 | 100.0 |  -nan | 100.0 |  95.1
               +-------+-------+-------+-------+-------+----------------------

Vault maps used:
D:1:      zaba_arrival_water, st_stairs_10, cheibriados_altar_1
D:2:      tso_metal_star, first_bread
D:3:      uniq_grinder
D:4:      minmay_temple_entry_nine_rooms, serial_shops, shop
D:5:      wad_pebble_path, yredelemnul_altar_generic, uniq_eustachio
D:6:      minitemple, minmay_misc_feat_diagonals, grunt_decor_clamped,
          uniq_sigmund
D:7:      nemelex_lonely_heart_becter
Temple:   roderic_octagonal_lattice_temple
